 Dungeon Crawl Stone Soup version 0.30.1 (webtiles) character file.

Game seed: 9650767404754177618

38173 cdecastro the Warrior (level 14, -1/148 HPs)
             Began as a Hill Orc Fighter on July 11, 2023.
             Was a High Priest of Okawaru.
             Slain by a catoblepas (10 damage)
             ... while petrified by a catoblepas
             ... on level 2 of the Lair of Beasts.
             The game lasted 00:49:07 (21420 turns).

cdecastro the Warrior (Hill Orc Fighter)           Turns: 21420, Time: 00:49:08

Health: -1/148     AC: 18    Str: 24    XL:     14   Next: 1%
Magic:  25/25      EV:  2    Int:  8    God:    Okawaru [*****.]
Gold:   944        SH:  0    Dex: 10    Spells: 13/13 levels left

rFire   + . .        a - +0 broad axe
rCold   . . .        O - orb {light}
rNeg    + + +        R - +2 plate armour {Will+}
rPois   ∞            q - +0 helmet
rElec   .            e - +0 cloak {rPois}
rCorr   .            j - +0 pair of gloves
SInv    .            I - +0 pair of boots
Will    +++..        (no amulet) Stlth
                     r - ring of protection from fire
HPRegen 0.44/turn    F - ring of willpower
MPRegen 0.19/turn

%: no passive effects
@: about to teleport, petrified, glowing, very slow
A: no striking features
a: Renounce Religion, Heroism, Finesse, Duel


You were on level 2 of the Lair of Beasts.
You worshipped Okawaru.
Okawaru was extremely pleased with you.
You visited 3 branches of the dungeon, and saw 17 of its levels.

You collected 944 gold pieces.

Inventory:

Hand Weapons
 a - a +0 broad axe (weapon)
 U - a +0 demon whip of venom
Missiles
 o - 3 throwing nets
 x - 4 datura-tipped darts
 y - 3 atropa-tipped darts
 B - 5 curare-tipped darts
 P - 3 boomerangs (quivered)
 Q - 10 javelins
 W - 2 silver boomerangs
Armour
 e - a +0 cloak of poison resistance (worn)
 j - a +0 pair of gloves (worn)
 q - a +0 helmet (worn)
 I - a +0 pair of boots (worn)
 O - an orb of light (worn)
 R - a +2 plate armour of willpower (worn)
 Y - a +2 buckler of cold resistance
Jewellery
 r - a ring of protection from fire (left hand)
 F - a ring of willpower (right hand)
Wands
 w - a wand of polymorph (2)
 z - a wand of acid (8)
 A - a wand of flame (22)
 K - a wand of iceblast (6)
 M - a wand of charming (16)
Scrolls
 b - a scroll of torment {unknown}
 f - a scroll of brand weapon {unknown}
 h - 3 scrolls of blinking
 i - 3 scrolls of poison
 l - 2 scrolls of teleportation
 C - a scroll of butterflies {unknown}
 E - 3 scrolls of enchant weapon {unknown}
 J - 3 scrolls of amnesia
 L - 2 scrolls of immolation {unknown}
 N - 4 scrolls of fear
 S - a scroll of vulnerability {unknown}
 T - a scroll of magic mapping {unknown}
 X - a scroll of noise {unknown}
 Z - a scroll of acquirement {unknown}
Potions
 c - 3 potions of resistance
 d - 3 potions of might
 g - 6 potions of attraction
 k - 8 potions of curing
 m - 7 potions of heal wounds
 n - 2 potions of lignification
 p - a potion of berserk rage {unknown}
 s - 4 potions of invisibility
 t - 3 potions of cancellation
 u - 3 potions of magic
 v - 2 potions of ambrosia {unknown}
 D - 3 potions of brilliance
 G - 4 potions of haste
 H - 2 potions of mutation {unknown}
 V - a potion of flight {unknown}


   Skills:
 + Level 20.0 Fighting
 - Level 13.9 Axes
 * Level 5.0 Throwing
 - Level 3.2 Armour
 - Level 3.2 Shields
 - Level 15.0 Invocations


You had 13 spell levels left.
You didn't know any spells.
Your spell library contained the following spells:

 Spells                   Type           Power      Damage    Failure   Level
 Sandblast                Erth           0%         2d4       100%        1
 Sting                    Tmut/Pois      0%         1d3       100%        1
 Blink                    Tloc           0%         N/A       100%        2
 Ensorcelled Hibernation  Hex/Ice        0%         N/A       100%        2
 Passwall                 Tmut/Erth      0%         N/A       100%        2
 Poisonous Vapours        Pois/Air       0%         N/A       100%        2
 Scorch                   Fire           0%         2d5       100%        2
 Ozocubu's Armour         Ice            0%         N/A       100%        3
 Stone Arrow              Conj/Erth      0%         3d7       100%        3
 Swiftness                Air            0%         N/A       100%        3
 Cause Fear               Hex            0%         N/A       100%        4
 Manifold Assault         Tloc           0%         N/A       100%        4
 Olgreb's Toxic Radiance  Pois           0%         N/A       100%        4
 Metabolic Englaciation   Hex/Ice        0%         N/A       100%        5
 Plasma Beam              Fire/Air       0%         2x1d11    100%        6
 Dragon Form              Tmut           0%         N/A       100%        7
 Ozocubu's Refrigeration  Ice            0%         4d7       100%        7
 Storm Form               Tmut/Air       0%         N/A       100%        7
 Maxwell's Capacitive Co  Air            0%         ∞         100%        8
 Chain Lightning          Conj/Air       0%         N/A       100%        9
 Summon Lightning Spire   Summ/Air       Unusable   N/A       N/A         4
 Simulacrum               Ice/Necr       Unusable   N/A       N/A         6
 Dragon's Call            Summ           Unusable   N/A       N/A         9

Dungeon Overview and Level Annotations

Branches:
Dungeon (14/15)            Temple (1/1) D:4            Lair (2/5) D:11
    Orc (0/2) D:11         Vaults (0/5) D:13
  Swamp: Lair:2-3    Shoals: Lair:2-3     Snake: Lair:2-3    Spider: Lair:2-3

Altars:
Ashenzari
Cheibriados
Dithmenos
Elyvilon
Fedhas
Gozag
Hepliaklqana
Kikubaaqudgha
Makhleb
Nemelex Xobeh
Okawaru
Qazlal
Ru
Sif Muna
Trog
Uskayaw
Vehumet
Wu Jian
Xom
Yredelemnul
Zin
The Shining One

Shops:
D:7 *

Annotations:
D:14 Agnes


Message History

You feel forgetful for a moment.
You are engulfed in calcifying dust.
You are slowing down.
Unknown command.
Okay, then.
Unknown command.
As you read the scroll of fear, it crumbles to dust.
You assume a fearsome visage.
The wyvern looks frightened!
The catoblepas resists with almost no effort.
The catoblepas resists with some effort.
You are engulfed in calcifying dust.
The catoblepas breathes a plume of calcifying dust at you.
The blast of calcifying dust hits you.
* * * LOW HITPOINT WARNING * * *
The catoblepas breathes a plume of calcifying dust at you.
The blast of calcifying dust hits you but does no damage.
The catoblepas breathes a plume of calcifying dust at you.
The blast of calcifying dust hits you!
* * * LOW HITPOINT WARNING * * *
The catoblepas breathes a plume of calcifying dust at you.
The blast of calcifying dust hits you but does no damage.
Your limbs are stiffening.
Unknown command.
Unknown command.
Unknown command.
As you read the scroll labelled ZUBRIE SAOGROF, it crumbles to dust.
You feel strangely unstable.
It was a scroll of teleportation.
You are engulfed in calcifying dust.
The catoblepas gores you!!
* * * LOW HITPOINT WARNING * * *
You have turned to stone.
You are engulfed in calcifying dust.
The catoblepas breathes a plume of calcifying dust at you.
The blast of calcifying dust hits you.
* * * LOW HITPOINT WARNING * * *
The catoblepas breathes a plume of calcifying dust at you.
The blast of calcifying dust hits you.
* * * LOW HITPOINT WARNING * * *
You are engulfed in calcifying dust.
The catoblepas gores you!!
* * * LOW HITPOINT WARNING * * *
The catoblepas gores you!!
You die...

.♣ ♣♣♣.♣♣♣ ♣~≈~~#~~~≈≈#
♣♣ ♣....P♣ ♣~≈~♣##~≈≈≈#
♣♣♣♣.....♣♣♣ ♣♣~~~♣
#~~#♣# ♣♣P........♣
♣P~l≈♣ #≈~#
♣..........♣♣♣~~≈≈♣ #≈≈~
♣...........♣♣♣~≈≈♣
##≈~≈#
....~~~~....♣♣♣~~♣# #k~#
...~~~~~~~~.P♣♣Y≈Y♣ ~~#
..~~~≈≈≈~~~~P♣~≈@♣♣# ~~≈#
..~~≈≈≈≈≈≈≈~~♣~§§♣.##k~≈#
..~~≈≈≈≈≈≈≈≈~♣♣~§~♣.#Y~#
..~~~≈≈~~~≈≈≈♣♣~≈~♣##Y##
...~~~~~~.~≈≈≈≈≈~≈♣ #l~~≈
.....~~~..~≈≈≈≈≈≈~# #~~~#
♣P.........~≈≈≈≈~~# ##~#
♣♣♣.........~P~~~♣♣# #~~#
♣
♣♣.........~~~.♣.##≈≈~~#


You could see 2 catoblepae and a wyvern (petrified, fleeing).

Vanquished Creatures
  Jorgrun (D:13)
  A vault guard (D:13)
  A hydra (Lair:2)
  A catoblepas (shapeshifter) (D:13)
  6 death yaks
  A boulder beetle (Lair:2)
  3 two-headed ogres
  2 tengu warriors (D:12)
  Urug (D:13)
  Amaemon (D:10)
  An orb spider (D:12)
  2 deep elf pyromancers
  3 ugly things
  2 cyclopes
  2 black mambas (Lair:1)
  Maurice (D:13)
  An elephant (shapeshifter) (D:14)
  4 cane toads
  An orange demon (D:9)
  A gargoyle (D:12)
  2 unseen horrors
  A kobold demonologist (D:12)
  2 rime drakes
  2 komodo dragons
  A troll (D:10)
  3 polar bears (Lair:2)
  8 blink frogs
  Sigmund (D:6)
  4 slime creatures (D:13)
  A vampire (D:11)
  A spriggan (shapeshifter) (D:12)
  A shadow (D:12)
  6 wyverns
  38 yaks
  10 humans (D:13)
  4 fire bats (D:9)
  A basilisk (Lair:2)
  8 vampire mosquitoes (D:13)
  A steam dragon (D:8)
  An acid dragon (D:8)
  7 water moccasins
  A hell hound (D:9)
  4 orc warriors
  2 ice beasts
  3 sky beasts (D:6)
  3 black bears
  6 wolves (Lair:1)
  An ogre (D:5)
  7 centaurs
  5 bullfrogs
  A kobold brigand (D:11)
  A gnoll sergeant (D:7)
  4 scorpions
  3 wights (D:7)
  3 killer bees
  4 howler monkeys
  4 electric eels
  2 lava snakes (D:9)
  3 gnoll boudas
  A jelly (D:4)
  4 hounds
  5 orc priests
  Crazy Yiuf (D:3)
  2 sleepcaps (D:5)
  2 iguanas (D:5)
  16 orc wizards
  Robin (D:2)
  15 gnolls
  3 adders
  A shadow imp (D:6)
  10 worms
  2 dart slugs
  72 orcs
  7 bats
  7 endoplasms
  4 giant cockroaches
  14 goblins
  7 hobgoblins
  4 jackals (D:1)
  4 quokkas
  7 ball pythons
  4 frilled lizards
  12 kobolds
  4 rats
  A fire vortex (D:9)
406 creatures vanquished.

Vanquished Creatures (others)
  A human (D:13)
  2 fire vortices (D:9)
3 creatures vanquished.

Grand Total: 409 creatures vanquished

Notes
Turn   | Place    | Note
-------+----------+-------------------------------------------
     0 | D:1      | cdecastro the Hill Orc Fighter began the quest for the Orb.
     0 | D:1      | Reached XP level 1. HP: 19/19 MP: 1/1
    86 | D:1      | Found a faded altar of an unknown god.
    97 | D:1      | Prayed at the altar of an unknown god.
    97 | D:1      | Became a worshipper of Warmaster Okawaru
    97 | D:1      | Reached * piety under Okawaru
   194 | D:1      | Reached XP level 2. HP: 27/27 MP: 2/2
   231 | D:1      | Reached skill level 4 in Fighting
   379 | D:1      | Reached XP level 3. HP: 33/33 MP: 3/3
  1113 | D:2      | Noticed Robin
  1328 | D:2      | Reached XP level 4. HP: 41/41 MP: 4/4
  1672 | D:2      | Killed Robin
  1673 | D:2      | Reached skill level 5 in Axes
  2046 | D:3      | Found a white marble altar of Elyvilon.
  2072 | D:3      | Reached XP level 5. HP: 47/47 MP: 5/5
  2120 | D:3      | Found a shimmering blue altar of Sif Muna.
  2222 | D:3      | Found a runed translucent door.
  2223 | D:3      | Noticed Crazy Yiuf
  2285 | D:3      | Found an iron altar of Okawaru.
  2463 | D:4      | Reached skill level 5 in Fighting
  2693 | D:4      | Reached ** piety under Okawaru
  3083 | D:4      | Found a staircase to the Ecumenical Temple.
  3097 | Temple   | Entered the Ecumenical Temple
  3271 | D:5      | Entered Level 5 of the Dungeon
  3271 | D:5      | Found a sacrificial altar of Ru.
  3288 | D:5      | Reached XP level 6. HP: 56/56 MP: 6/6
  3793 | D:5      | Reached skill level 6 in Fighting
  3793 | D:5      | Reached XP level 7. HP: 31/63 MP: 4/7
  4352 | D:5      | Reached skill level 1 in Invocations
  4892 | D:5      | Reached skill level 7 in Fighting
  4973 | D:5      | Reached XP level 8. HP: 73/73 MP: 9/9
  4986 | D:6      | Noticed Sigmund
  5182 | D:6      | Reached skill level 5 in Invocations
  5352 | D:6      | Killed Sigmund
  5352 | D:6      | Reached *** piety under Okawaru
  5353 | D:6      | Reached skill level 8 in Fighting
  5649 | D:6      | Reached XP level 9. HP: 68/82 MP: 14/14
  5775 | D:6      | Found a stormy altar of Qazlal.
  5892 | D:6      | Reached skill level 9 in Fighting
  6168 | D:7      | Noticed a cyclops
  6215 | D:7      | Reached **** piety under Okawaru
  6255 | D:7      | Reached skill level 10 in Axes
  6501 | D:7      | Found an opulent altar of Gozag.
  6536 | D:7      | Found Zin's Purification Station.
  6562 | D:7      | Killed a cyclops
  6563 | D:7      | Reached skill level 10 in Fighting
  6567 | D:7      | Found a glowing silver altar of Zin.
  6830 | D:7      | Reached skill level 11 in Fighting
  7283 | D:8      | Found a broken altar of Ashenzari.
  7454 | D:7      | Reached XP level 10. HP: 66/96 MP: 15/15
  8052 | D:8      | Reached skill level 12 in Fighting
  8707 | D:9      | Reached ***** piety under Okawaru
  8708 | D:9      | Reached skill level 13 in Fighting
  9011 | D:9      | Found a sparkling altar of Nemelex Xobeh.
  9097 | D:9      | Identified the +0 mace "Boicken" {spect, Str+3}
  9274 | D:9      | Found a blossoming altar of Fedhas.
  9656 | D:10     | Entered Level 10 of the Dungeon
  9667 | D:10     | Reached skill level 14 in Fighting
  9667 | D:10     | Reached XP level 11. HP: 103/110 MP: 18/18
  9693 | D:10     | Reached skill level 10 in Invocations
  9752 | D:9      | Identified the +2 robe of Focitzih {Str-3 Int+7} (Okawaru
                  | gifted it to you on level 9 of the Dungeon)
  9752 | D:9      | Received a gift from Okawaru
  9940 | D:10     | Found a shadowy altar of Dithmenos.
 10475 | D:10     | Noticed Amaemon
 10521 | D:10     | Killed Amaemon
 10539 | D:10     | Noticed a two-headed ogre
 10542 | D:10     | Found a hide-covered altar of Uskayaw.
 10552 | D:10     | Killed a two-headed ogre
 10958 | D:11     | Noticed a purple ugly thing
 11159 | D:3      | Killed Crazy Yiuf
 11416 | D:11     | Noticed a two-headed ogre
 11424 | D:11     | Killed a two-headed ogre
 11425 | D:11     | Reached skill level 15 in Fighting
 11737 | D:11     | Found a staircase to the Orcish Mines.
 11866 | D:11     | Found a staircase to the Lair.
 12015 | D:11     | Killed a purple ugly thing
 12576 | D:12     | Noticed a sixfirhy
 12665 | D:12     | Noticed a cyan ugly thing
 12672 | D:12     | Killed a cyan ugly thing
 12818 | D:12     | Identified the +1 mace "Arbiter" {drain, rElec rC- Str+7}
 12939 | D:12     | Noticed a two-headed ogre
 12959 | D:12     | a two-headed ogre changed into an orb spider
 12959 | D:12     | Noticed an orb spider
 12974 | D:12     | Killed an orb spider
 13075 | D:12     | Noticed a two-headed ogre
 13088 | D:12     | Killed a two-headed ogre
 13089 | D:12     | Reached skill level 16 in Fighting
 13089 | D:12     | Reached XP level 12. HP: 88/122 MP: 18/21
 13794 | D:13     | Noticed Jorgrun
 14103 | D:13     | Killed Jorgrun
 14387 | D:13     | Noticed Urug
 14399 | D:13     | Killed Urug
 15002 | D:13     | Noticed a tengu warrior
 15009 | D:13     | Noticed a tengu warrior
 15020 | D:12     | Killed a tengu warrior
 15021 | D:12     | Reached skill level 17 in Fighting
 15164 | D:12     | Killed a tengu warrior
 15271 | D:13     | Noticed a catoblepas
 15291 | D:13     | Killed a catoblepas
 15292 | D:13     | Reached skill level 15 in Invocations
 15725 | D:13     | Identified the +0 pair of boots of the Sun {+Blink rElec
                  | Dex-5} (Okawaru gifted it to you on level 13 of the
                  | Dungeon)
 15725 | D:13     | Received a gift from Okawaru
 15747 | D:13     | Noticed a vault guard
 15850 | D:13     | Killed a vault guard
 16030 | D:13     | Found a burning altar of Makhleb.
 16052 | D:13     | Reached skill level 18 in Fighting
 16056 | D:13     | Reached XP level 13. HP: 71/134 MP: 24/24
 16209 | D:13     | Found an iron altar of Okawaru.
 16209 | D:13     | Found a blossoming altar of Fedhas.
 16211 | D:13     | Found an ancient bone altar of Kikubaaqudgha.
 16211 | D:13     | Found a burning altar of Makhleb.
 16211 | D:13     | Found a shimmering altar of Xom.
 16433 | D:13     | Found a gate to the Vaults.
 16533 | D:13     | Got Cerebov's Vellum of Forces and Accelerants
 16660 | D:13     | Noticed Maurice
 16702 | D:13     | Killed Maurice
 16880 | D:14     | Identified the +0 ring mail of Neatwoh {Drain rPois rF-
                  | rCorr}
 17235 | D:14     | Noticed Agnes
 17305 | Lair:1   | Entered Level 1 of the Lair of Beasts
 18061 | Lair:1   | Reached skill level 19 in Fighting
 19238 | Lair:2   | Reached skill level 1 in Throwing
 19514 | Lair:1   | Received a gift from Okawaru
 19584 | Lair:1   | Reached ****** piety under Okawaru
 21044 | Lair:2   | Found a runed translucent door.
 21278 | Lair:2   | Reached skill level 20 in Fighting
 21278 | Lair:2   | Reached skill level 5 in Throwing
 21278 | Lair:2   | Reached XP level 14. HP: 107/148 MP: 25/25
 21420 | Lair:2   | Slain by a catoblepas

Illustrated notes

Levels and vault maps discovered:
D:1:      onia_arrival_pentagram, layout_basic,
          shapermc_ecumenical_altar_notcrosses
D:2:      layout_loops_cross, minmay_crystal_room, minivault_25, uniq_robin
D:3:      layout_rooms, mainiacjoe_overflow_cross_hatched, elyvilon_altar_5,
          lemuel_crystal_altar, minmay_strange_pillars, uniq_crazy_yiuf_cottage
D:4:      layout_rooms, minmay_temple_entry_nine_rooms,
          nicolae_figureground_pulse
D:5:      layout_layer_cave, mainiacjoe_overflow_brackets, nicolae_wormholes
D:6:      hellmonk_ruined_rings, layout_rooms, mainiacjoe_overflow_alcove_2,
          uniq_sigmund
D:7:      minmay_chambers_of_fours, layout_basic, zin_purify,
          nicolae_gozag_cash_rules_everything_around_me
D:8:      layout_rooms, ashenzari_altar_1
D:9:      layout_big_octagon, mainiacjoe_overflow_boulevard,
          mainiacjoe_overflow_concentric_impassable, kennysheep_flooded_box,
          amcnicky_mini_rare_corridor_liquid, hangedman_incinerator
D:10:     layout_long_grid, overflow_temple_1_default,
          nicolae_uskayaw_murder_on_the_dancefloor, uniq_amaemon
D:11:     layout_long_grid, lair_entry_dummy, hiddenorc2_lemuel, minmay_between
D:12:     layout_roguey
D:13:     layout_basic, ximxim_vaults_locker_room, serial_bayou_lagoon_a,
          doesnt_xom_only_xom, uniq_urug, uniq_maurice, uniq_jorgrun
D:14:     layout_basic, portal_ice_cave_entry_pillars_2, skrybe_limestone_x,
          uniq_agnes
Temple:   nicolae_temple_ecumenical_triangle
Lair:1:   layout_regular_city, grunt_megastairs_4
Lair:2:   gammafunk_lair_enchanted_lake, layout_regular_city,
          serial_bayou_lake_a

Skill      XL: |  1  2  3  4  5  6  7  8  9 10 11 12 13 |
---------------+----------------------------------------+-----
Axes           | 3 4 5 6 7 9 11 12 13 | 13.9
Fighting       | 4 5 6 7 8 11 14 16 18 20 | 20.0
Invocations    | 2 7 9 13 15 | 15.0
Throwing       | 5 |  5.0
Armour         | |  3.2
Shields        | |  3.2

Action                     |  1- 3 |  4- 6 |  7- 9 | 10-12 | 13-15 || total
---------------------------+-------+-------+-------+-------+-------++-------
  Melee: War axe           |   132 |   147 |   318 |   728 |    14 ||  1339
         Broad axe         |       |       |       |       |   320 ||   320
  Throw: Dart              |       |       |     1 |     5 |     5 ||    11
         Boomerang         |       |       |       |       |     8 ||     8
 Invoke: Heroism           |       |     1 |     2 |    11 |     2 ||    16
         Finesse           |       |       |       |     2 |       ||     2
  Evoke: Wand              |       |       |       |     3 |     8 ||    11
    Use: Scroll            |       |     5 |     1 |     3 |     8 ||    17
         Potion            |       |       |       |       |     1 ||     1
 Armour: Scale mail        |    63 |    39 |       |       |       ||   102
         Plate armour      |       |    15 |   171 |   441 |   227 ||   854
         Skin              |       |       |       |       |    21 ||    21
  Dodge: Dodged            |    69 |    51 |    71 |   174 |    99 ||   464
  Block: Buckler           |    32 |    25 |    59 |    22 |       ||   138
